MLB
COLORADO ROCKIES @ ST. LOUIS CARDINALS
07/31/2018
 
TOP OF THE 1ST
Colorado Rockies batting - Pitching for St. Louis Cardinals : RHP Lucas Giolito
Pitching: RHP Lucas Giolito
Batting: LHB Jake Bauers 0-0: Ball
1-0: Fly out, F5 (Popup, 56S)
Batting: RHB Anthony Alford 0-0: Called Strike
0-1: Swinging Strike
0-2: Foul Ball, location: 2F
0-2: Ball
1-2: Foul Ball, location: 2F
1-2: Fly out, F9 (Flyball, 9D)
Batting: RHB Mike Trout 0-0: Ball
1-0: Swinging Strike
1-1: Foul Ball, location: 2F
1-2: Strikes out swinging
Top of the 1st over - 0 runs, 0 hits, 0 errors, 0 left on base; Colorado 0 - St. Louis 0
BOTTOM OF THE 1ST
St. Louis Cardinals batting - Pitching for Colorado Rockies : RHP Anthony Bass
Pitching: RHP Anthony Bass
Batting: SHB Ozzie Albies 0-0: Foul Ball, location: 2F
0-1: Called Strike
0-2: Ball
1-2: Foul Ball, location: 2F
1-2: Strikes out looking
Batting: RHB Alex Bregman 0-0: Ball
1-0: Ball
2-0: Called Strike
2-1: Swinging Strike
2-2: Fly out, F7 (Flyball, 78M)
Batting: RHB Jose Alberto Martinez 0-0: Ball
1-0: Ball
2-0: Foul Ball, location: 2F
2-1: Foul Ball, location: 2F
2-2: Ball
3-2: Base on Balls
Batting: LHB Brett Phillips 0-0: Called Strike
0-1: Fly out, F8 (Line Drive, 8LM)
Bottom of the 1st over - 0 runs, 0 hits, 0 errors, 1 left on base; Colorado 0 - St. Louis 0
TOP OF THE 2ND
Colorado Rockies batting - Pitching for St. Louis Cardinals : RHP Lucas Giolito
Batting: RHB Brett Lawrie 0-0: Ball
1-0: Ball
2-0: Called Strike
2-1: Swinging Strike
2-2: Foul Ball, location: 2F
2-2: Strikes out looking
Batting: RHB Jordy Mercer 0-0: Called Strike
0-1: SINGLE (Groundball, 34D)
Batting: LHB Tommy La Stella 0-0: Grounds into double play, 6-4-3 (Groundball, 6)
Top of the 2nd over - 0 runs, 1 hit, 0 errors, 0 left on base; Colorado 0 - St. Louis 0
BOTTOM OF THE 2ND
St. Louis Cardinals batting - Pitching for Colorado Rockies : RHP Anthony Bass
Batting: SHB Eduardo Escobar 0-0: Ball
1-0: Ground out 6-3 (Groundball, 56)
Batting: RHB Adeiny Hechavarria 0-0: DOUBLE (Line Drive, 9LM)
Batting: RHB Harrison Bader 0-0: Called Strike
0-1: Called Strike
0-2: Ball
1-2: SINGLE (Line Drive, 9S)
Adeiny Hechavarria to third
Batting: RHB Hernan Perez 0-0: Ball
1-0: 3-RUN HOME RUN (Line Drive, 78XD), Distance : 386 ft
Batting: RHB Lucas Giolito 0-0: Ball
1-0: Called Strike
1-1: Swinging Strike
1-2: Ball
2-2: Strikes out swinging
Batting: SHB Ozzie Albies 0-0: Called Strike
0-1: Foul Ball, location: 2F
0-2: Foul Ball, location: 2F
0-2: Ball
1-2: Fly out, F7 (Flyball, 7S)
Bottom of the 2nd over - 3 runs, 3 hits, 0 errors, 0 left on base; Colorado 0 - St. Louis 3
TOP OF THE 3RD
Colorado Rockies batting - Pitching for St. Louis Cardinals : RHP Lucas Giolito
Batting: RHB Bryce Brentz 0-0: Swinging Strike
0-1: Foul Ball, location: 2F
0-2: Ball
1-2: Ball
2-2: Ball
3-2: Fly out, F8 (Flyball, 8RS)
Batting: SHB Sandy Leon 0-0: Ground out 6-3 (Groundball, 6S)
Batting: RHB Anthony Bass 0-0: Called Strike
0-1: Foul Ball, location: 2F
0-2: Ball
1-2: Ball
2-2: SINGLE (Line Drive, 8RS)
Batting: LHB Jake Bauers 0-0: Ball
1-0: Foul Ball, location: 2F
1-1: Called Strike
1-2: Strikes out swinging
Top of the 3rd over - 0 runs, 1 hit, 0 errors, 1 left on base; Colorado 0 - St. Louis 3
BOTTOM OF THE 3RD
St. Louis Cardinals batting - Pitching for Colorado Rockies : RHP Anthony Bass
Batting: RHB Alex Bregman 0-0: Foul Ball, location: 2F
0-1: SINGLE (Line Drive, 89S)
Batting: RHB Jose Alberto Martinez 0-0: Called Strike
0-1: Fielders Choice at 2nd, 1-6 (Groundball, 13S)
Batting: LHB Brett Phillips 0-0: Ball
1-0: Called Strike
1-1: Ball
2-1: Foul Ball, location: 2F
2-2: Fielders Choice at 2nd, 6-4 (Groundball, 6)
Batting: SHB Eduardo Escobar 0-0: Foul Ball, location: 2F
0-1: SINGLE (Groundball, 4MD)
Brett Phillips to second
Runner from 2nd tries for 3rd, SAFE, no throw by CF
Batting: RHB Adeiny Hechavarria 0-0: Foul Ball, location: 2F
0-1: Ball
1-1: Fly out, F7 (Flyball, 7LS)
Bottom of the 3rd over - 0 runs, 2 hits, 0 errors, 2 left on base; Colorado 0 - St. Louis 3
TOP OF THE 4TH
Colorado Rockies batting - Pitching for St. Louis Cardinals : RHP Lucas Giolito
Batting: RHB Anthony Alford 0-0: Swinging Strike
0-1: Swinging Strike
0-2: Ball
1-2: Ground out U3 (Groundball, 3L)
Batting: RHB Mike Trout 0-0: Ball
1-0: Ball
2-0: Foul Ball, location: 2F
2-1: Foul Ball, location: 2F
2-2: Ball
3-2: Strikes out looking
Batting: RHB Brett Lawrie 0-0: Foul Ball, location: 2F
0-1: Ball
1-1: Ground out 6-3 (Groundball, 6MD)
Top of the 4th over - 0 runs, 0 hits, 0 errors, 0 left on base; Colorado 0 - St. Louis 3
BOTTOM OF THE 4TH
St. Louis Cardinals batting - Pitching for Colorado Rockies : RHP Anthony Bass
Batting: RHB Harrison Bader 0-0: Ball
1-0: Ball
2-0: Ground out 2-3 (Groundball, 2L)
Batting: RHB Hernan Perez 0-0: Fly out, F7 (Flyball, 78S)
Batting: RHB Lucas Giolito 0-0: Ball
1-0: Swinging Strike
1-1: Ball
2-1: Called Strike
2-2: Foul Ball, location: 2F
2-2: Foul Ball, location: 2F
2-2: Strikes out looking
Bottom of the 4th over - 0 runs, 0 hits, 0 errors, 0 left on base; Colorado 0 - St. Louis 3
TOP OF THE 5TH
Colorado Rockies batting - Pitching for St. Louis Cardinals : RHP Lucas Giolito
Batting: RHB Jordy Mercer 0-0: Ball
1-0: Called Strike
1-1: Ball
2-1: Foul Ball, location: 2F
2-2: Ball
3-2: DOUBLE (Line Drive, 9LS)
Batting: LHB Tommy La Stella 0-0: Ball
1-0: Ball
2-0: Ball
3-0: Called Strike
3-1: Base on Balls
Batting: RHB Bryce Brentz 0-0: Ball
1-0: Ball
2-0: Called Strike
2-1: Foul Ball, location: 2F
2-2: Ball
3-2: Foul Ball, location: 2F
3-2: Fielders Choice at 2nd, 4-6 (Groundball, 4M)
Jordy Mercer to third
Batting: SHB Sandy Leon Pickoff Throw to First - Out! 1-3
0-0: Ball
1-0: Ball
2-0: Called Strike
2-1: Foul Ball, location: 2F
2-2: Strikes out swinging
Top of the 5th over - 0 runs, 1 hit, 0 errors, 1 left on base; Colorado 0 - St. Louis 3
BOTTOM OF THE 5TH
St. Louis Cardinals batting - Pitching for Colorado Rockies : RHP Anthony Bass
Batting: SHB Ozzie Albies 0-0: Ball
1-0: Foul Ball, location: 2F
1-1: Swinging Strike
1-2: Fly out, F9 (Flyball, 89D)
Batting: RHB Alex Bregman 0-0: Foul Ball, location: 2F
0-1: Ball
1-1: Ground out U3 (Groundball, 3)
Batting: RHB Jose Alberto Martinez 0-0: Swinging Strike
0-1: Swinging Strike
0-2: Ball
1-2: Ball
2-2: Foul Ball, location: 2F
2-2: Strikes out looking
Bottom of the 5th over - 0 runs, 0 hits, 0 errors, 0 left on base; Colorado 0 - St. Louis 3
TOP OF THE 6TH
Colorado Rockies batting - Pitching for St. Louis Cardinals : RHP Lucas Giolito
Pinch Hitting: RHB Brandon Guyer 0-0: Called Strike
0-1: Ball
1-1: Bunt for hit to P - play at first, batter OUT! 1-3
Batting: LHB Jake Bauers 0-0: Foul Ball, location: 2F
0-1: Ball
1-1: Ball
2-1: Called Strike
2-2: Ball
3-2: Base on Balls
Batting: RHB Anthony Alford 0-0: Called Strike
0-1: Grounds into double play, 4-6-3 (Groundball, 4M)
Top of the 6th over - 0 runs, 0 hits, 0 errors, 0 left on base; Colorado 0 - St. Louis 3
BOTTOM OF THE 6TH
St. Louis Cardinals batting - Pitching for Colorado Rockies : RHP Anthony Bass
Pitching: RHP Mauricio Cabrera
Batting: LHB Brett Phillips 0-0: Called Strike
0-1: Swinging Strike
0-2: Ball
1-2: Strikes out swinging
Batting: SHB Eduardo Escobar 0-0: Ground out 1-3 (Groundball, 13S)
Batting: RHB Adeiny Hechavarria 0-0: Ball
1-0: Ground out 6-3 (Groundball, 6)
Bottom of the 6th over - 0 runs, 0 hits, 0 errors, 0 left on base; Colorado 0 - St. Louis 3
TOP OF THE 7TH
Colorado Rockies batting - Pitching for St. Louis Cardinals : RHP Lucas Giolito
Batting: RHB Mike Trout 0-0: Ball
1-0: Ball
2-0: Ball
3-0: Base on Balls
Batting: RHB Brett Lawrie 0-0: Ball
1-0: Foul Ball, location: 2F
1-1: Called Strike
1-2: Fly out, F6 (Line Drive, 6)
Batting: RHB Jordy Mercer 0-0: Called Strike
0-1: Ball
1-1: Foul Ball, location: 2F
1-2: Foul Ball, location: 2F
1-2: SINGLE (Flyball, 34D)
Mike Trout to second
Runner from 2nd tries for 3rd, SAFE, no throw by RF
Batting: LHB Tommy La Stella 0-0: Called Strike
0-1: Ball
1-1: Called Strike
1-2: Fly out, F6 (Popup, 15)
Batting: RHB Bryce Brentz 0-0: Fly out, F4 (Popup, 4M)
Top of the 7th over - 0 runs, 1 hit, 0 errors, 2 left on base; Colorado 0 - St. Louis 3
BOTTOM OF THE 7TH
St. Louis Cardinals batting - Pitching for Colorado Rockies : RHP Mauricio Cabrera
Batting: RHB Harrison Bader 0-0: Ground out 4-3 (Groundball, 4)
Batting: RHB Hernan Perez 0-0: Called Strike
0-1: Foul Ball, location: 2F
0-2: Ball
1-2: Strikes out swinging
Batting: RHB Lucas Giolito 0-0: Called Strike
0-1: Ball
1-1: SINGLE (Groundball, 6MD)
Batting: SHB Ozzie Albies 0-0: Called Strike
0-1: Called Strike
0-2: Strikes out swinging
Bottom of the 7th over - 0 runs, 1 hit, 0 errors, 1 left on base; Colorado 0 - St. Louis 3
TOP OF THE 8TH
Colorado Rockies batting - Pitching for St. Louis Cardinals : RHP Lucas Giolito
Pitching: RHP Brad Ziegler
Now at C: Yan Gomes
Batting: SHB Sandy Leon 0-0: Called Strike
0-1: Foul Ball, location: 2F
0-2: Foul Ball, location: 2F
0-2: Ball
1-2: Foul Ball, location: 2F
1-2: Ball
2-2: Ground out 4-3 (Groundball, 4S)
Pinch Hitting: RHB Martin Prado 0-0: Swinging Strike
0-1: Ball
1-1: SINGLE (Line Drive, 6MD)
Batting: LHB Jake Bauers 0-0: Foul Ball, location: 2F
0-1: Ball
1-1: Grounds into double play, 4-6-3 (Groundball, 4M)
Top of the 8th over - 0 runs, 1 hit, 0 errors, 0 left on base; Colorado 0 - St. Louis 3
BOTTOM OF THE 8TH
St. Louis Cardinals batting - Pitching for Colorado Rockies : RHP Mauricio Cabrera
Pitching: RHP Mike Fiers
Batting: RHB Alex Bregman 0-0: Called Strike
0-1: Foul Ball, location: 2F
0-2: Ball
1-2: Fly out, F8 (Flyball, 8RM)
Batting: RHB Jose Alberto Martinez 0-0: Ball
1-0: Ground out 6-3 (Groundball, 6S)
Batting: LHB Brett Phillips 0-0: Ball
1-0: Ball
2-0: Called Strike
2-1: Ball
3-1: Base on Balls
Batting: SHB Eduardo Escobar 0-0: Ball
1-0: Foul Ball, location: 2F
1-1: Swinging Strike
1-2: Ball
2-2: Strikes out swinging
Bottom of the 8th over - 0 runs, 0 hits, 0 errors, 1 left on base; Colorado 0 - St. Louis 3
TOP OF THE 9TH
Colorado Rockies batting - Pitching for St. Louis Cardinals : RHP Brad Ziegler
Pitching: RHP Zac Reininger
Batting: RHB Anthony Alford 0-0: Ball
1-0: Swinging Strike
1-1: SINGLE (Line Drive, 7LS)
Batting: RHB Mike Trout 0-0: Ball
1-0: Foul Ball, location: 2F
1-1: Ball
2-1: Ball
3-1: Foul Ball, location: 2F
3-2: Fly out, F4 (Popup, 34)
Batting: RHB Brett Lawrie 0-0: Foul Ball, location: 2F
0-1: Fly out, F3 (Popup, 3F)
Batting: RHB Jordy Mercer 0-0: Foul Ball, location: 2F
0-1: Foul Ball, location: 2F
0-2: Strikes out looking
Top of the 9th over - 0 runs, 1 hit, 0 errors, 1 left on base; Colorado 0 - St. Louis 3
Sunday, October 7th, 2018 - OOTP Baseball 19.8 Build 79